 Dungeon Crawl Stone Soup version 0.28-a0-1638-g9123634e07 (webtiles) character file.

Game seed: 12024329668950860385

220457 dolemite99 the Anamnesiscian (level 18, -1/123 (124) HPs)
             Began as a Demonspawn Monk on Jan 26, 2022.
             Was an Elder of Hepliaklqana.
             Slain by a vault warden (39 damage)
             ... on level 1 of the Vaults.
             The game lasted 01:19:51 (51904 turns).

dolemite99 the Anamnesiscian (Demonspawn Monk)     Turns: 51904, Time: 01:19:52

HP:   -1/123 (124)  AC: 32    Str: 19    XL:     18   Next: 47%
MP:   30/30         EV: 13    Int: 14    God:    Hepliaklqana [****..]
Gold: 260           SH: 13    Dex: 18    Spells: 8/17 levels left

rFire   + + .      SeeInvis +   b - +0 fustibalus (chaos)
rCold   . . .      Faith    +   y - +0 kite shield
rNeg    . . .      Spirit   .   D - +1 fire dragon scales of Apathy {rPois rF++ rC- rCorr Dex+2 Stlth-}
rPois   +          Reflect  .   c - +3 crown of Dyrovepreva {rElec Int+2 SInv}
rElec   +          Harm     .   h - +2 cloak
rCorr   +          Rampage  .   m - +1 pair of gloves of Paoz {Will+ Regen+}
Will    ++...                   T - +2 pair of boots
Stlth   ..........              o - amulet of faith
HPRegen 1.10/turn               Y - ring of protection from cold
MPRegen 0.22/turn               v - +4 ring of protection {=R}

@: lightly drained
A: reduced essence, horns 2, slimy green scales 2, demonic guardian 3, ignite
blood 2
}: 1/15 runes: gossamer
a: Renounce Religion, Recall Ancestor, Ancestor Identity, Transference, Idealise


You were on level 1 of the Vaults.
You worshipped Hepliaklqana.
Hepliaklqana was greatly pleased with you.
You visited 7 branches of the dungeon, and saw 33 of its levels.

You collected 4071 gold pieces.
You spent 3811 gold pieces at shops.

Inventory:

Hand Weapons
 a - a +2 scimitar of flaming
 b - a +0 fustibalus of chaos (weapon)
 g - a +1 vampiric long sword
 k - the +1 demon whip "Conservator" {pain, rPois rC+ Int-3 Dex+6}
   (You bought it in a shop on level 5 of the Dungeon)

   In the hands of one skilled in necromantic magic, it inflicts extra damage on
   living creatures.
   Int:       It affects your intelligence (-3).
   Dex:       It affects your dexterity (+6).
   rC:        It protects you from cold.
   rPois:     It protects you from poison.
 w - the +6 dagger of Giruej {vorpal, rC++ MP+9}
   (You found it on level 13 of the Dungeon)

   It inflicts extra damage upon your enemies.
   rC:        It greatly protects you from cold.
   MP:        It affects your magic capacity (+9).
 L - a +1 scimitar of freezing
 S - a +4 hunting sling of freezing
Missiles
 p - 277 stones (quivered ammo)
 t - 4 silver javelins
 u - 16 javelins
 P - 2 throwing nets
 V - 32 sling bullets
Armour
 c - the +3 crown of Dyrovepreva (worn) {rElec Int+2 SInv}
   (You found it on level 4 of the Spider Nest)

   Int:       It affects your intelligence (+2).
   rElec:     It insulates you from electricity.
   SInv:      It lets you see invisible.
 d - a scarf of resistance
 h - a +2 cloak (worn)
 m - the +1 pair of gloves of Paoz (worn) {Will+ Regen+}
   (You bought it in a shop on level 1 of the Shoals)

   Regen:     It increases your rate of health regeneration.
   Will:      It increases your willpower.
 y - a +0 kite shield (worn)
 C - the +1 chain mail of Indomitability {rC++ rN+ Will+ SInv}
   (You bought it in a shop on level 1 of the Shoals)

   rC:        It greatly protects you from cold.
   rN:        It protects you from negative energy.
   SInv:      It lets you see invisible.
   Will:      It increases your willpower.
 D - the +1 fire dragon scales of Apathy (worn) {rPois rF++ rC- rCorr Dex+2 Stlth-}
   (You found it on level 15 of the Dungeon)

   Dex:       It affects your dexterity (+2).
   rF:        It greatly protects you from fire.
   rC:        It makes you vulnerable to cold.
   rPois:     It protects you from poison.
   rCorr:     It protects you from acid and corrosion.
   Stlth:     It makes you less stealthy.
 J - the +3 hat of Pondering {ponderous, Will+ MP+10 Int+5}
   (You took it off Gastronok on level 2 of the Lair of Beasts)

   Int:       It affects your intelligence (+5).
   MP:        It affects your magic capacity (+10).
   Will:      It increases your willpower.
 T - a +2 pair of boots (worn)
 W - a +0 chain mail of willpower
Jewellery
 n - a ring of see invisible
 o - an amulet of faith (around neck)
 q - a +4 ring of evasion
 v - a +4 ring of protection (right hand) {=R}
 B - a ring of magical power
 Y - a ring of protection from cold (left hand)
Wands
 A - a wand of flame (28)
 H - a wand of digging (8)
 K - a wand of paralysis (1)
 X - a wand of mindburst (4)
Scrolls
 f - 4 scrolls of teleportation
 i - 2 scrolls of fog
 I - 3 scrolls of silence
 N - a scroll of enchant armour
 R - 2 scrolls of magic mapping
Potions
 e - 4 potions of haste
 j - 2 potions of might
 l - 5 potions of attraction
 r - 4 potions of curing
 x - 4 potions of resistance
 z - 4 potions of brilliance
 E - 4 potions of lignification
 F - 4 potions of berserk rage
 G - a potion of magic
 M - 2 potions of ambrosia
 O - 2 potions of cancellation {unknown}
 Q - a potion of flight {unknown}
Miscellaneous
 s - a box of beasts
 Z - a condenser vane (inert)


   Skills:
 - Level 11.1 Fighting
 - Level 12.0 Long Blades
 - Level 13.4 Slings
 - Level 11.2 Armour
 - Level 8.3 Dodging
 - Level 1.7 Stealth
 - Level 13.6 Shields
 - Level 7.8 Necromancy
 - Level 16.4 Invocations
 + Level 10.4 Evocations


You had 8 spell levels left.
You knew the following spells:

 Your Spells              Type           Power      Damage    Failure   Level
a - Blink                 Tloc           0%         N/A       94%         2
b - Tukima's Dance        Hex            0%         N/A       99%         3
c - Animate Dead          Necr           10%        N/A       54%         4

Your spell library contained the following spells:

 Spells                   Type           Power      Damage    Failure   Level
 Beastly Appendage        Tmut           0%         N/A       85%         1
 Ensorcelled Hibernation  Hex/Ice        0%         N/A       94%         2
 Wereblood                Tmut           0%         N/A       94%         2
 Anguish                  Hex/Necr       5%         N/A       97%         4
 Confusing Touch          Hex            0%         N/A       99%         3
 Lesser Beckoning         Tloc           0%         N/A       99%         3
 Spider Form              Tmut/Pois      0%         N/A       99%         3
 Airstrike                Air            0%         N/A       100%        4
 Summon Lightning Spire   Summ/Air       0%         N/A       100%        4
 Borgnjor's Vile Clutch   Necr/Erth      5%         N/A       100%        5
 Iskenderun's Battlesphe  Conj           0%         2d6       100%        5
 Lightning Bolt           Conj/Air       0%         1d11      100%        5
 Manifold Assault         Tloc           0%         N/A       100%        5
 Yara's Violent Unravell  Hex/Tmut       0%         3d3       100%        5
 Death Channel            Necr           10%        N/A       100%        6
 Iron Shot                Conj/Erth      0%         9d1       100%        6
 Enfeeble                 Hex            0%         N/A       100%        7
 Spellforged Servitor     Conj/Summ      0%         N/A       100%        7


Dungeon Overview and Level Annotations

Branches:
Dungeon (15/15)            Temple (1/1) D:5            Lair (6/6) D:9
 Shoals (4/4) Lair:4       Spider (4/4) Lair:4        Slime (0/5) Lair:6
    Orc (2/2) D:10            Elf (0/3) Orc:2        Vaults (1/5) D:13
 Depths (0/4) D:15

Altars:
Ashenzari
Cheibriados
Dithmenos
Elyvilon
Fedhas
Gozag
Hepliaklqana
Kikubaaqudgha
Makhleb
Nemelex Xobeh
Okawaru
Qazlal
Ru
Sif Muna
Trog
Uskayaw
Vehumet
Wu Jian
Xom
Yredelemnul
Zin
The Shining One
Jiyva

Shops:
D:4 (   D:5 (:   D:7 :   Orc:2 :*[[   Shoals:1 *([(   Vaults:1 (

Portals:
Hell: Lair:6
Trove: D:13 (give 6 scrolls of blinking)

Annotations:
D:2 1 runed translucent door, Crazy Yiuf
D:10 2 transporters, LobsterGuardian's ghost, journeyman HOFi
Lair:4 1 runed translucent door, hashsling's ghost, journeyman MiBe
Spider:1 2 transporters, Clumpoid's ghost, adept TrMo
Spider:2 exclusion: downstairs
Spider:3 Mara


Innate Abilities, Weirdness & Mutations

Your life essence is reduced to manifest your ancestor. (-10% HP)
You have a pair of horns on your head.
You are mostly covered in slimy green scales. (AC +3)
A powerful demonic guardian rushes to your aid.
Your demonic aura often causes spilled blood to erupt in flames.


Message History

The vault warden closely misses you.
Fire: 280 stones
Press: ? - help, Q - select action, (/) - cycle Shift-Dir - straight line, f/p - vault warden
Aim: a vault warden, wielding a +0 halberd of protection and wearing a +0 plate armour (severely wounded, fast, poisoned, 69% to hit)
You shoot a stone.
The stone hits the vault warden but does no damage.
The vault warden is severely wounded.
You block the vault warden's attack.
The vault warden hits you from afar with a +0 halberd of protection.
* * * LOW HITPOINT WARNING * * *
Fire: 279 stones
Press: ? - help, Q - select action, (/) - cycle Shift-Dir - straight line, f/p - vault warden
Aim: a vault warden, wielding a +0 halberd of protection and wearing a +0 plate armour (severely wounded, fast, poisoned, 69% to hit)
You shoot a stone.
The stone hits the vault warden but does no damage.
The vault warden looks even sicker.
The vault warden is severely wounded.
You block the vault warden's attack.
Fire: 278 stones
Press: ? - help, Q - select action, (/) - cycle Shift-Dir - straight line, f/p - vault warden
Aim: a vault warden, wielding a +0 halberd of protection and wearing a +0 plate armour (severely wounded, fast, very poisoned, 69% to hit)
You shoot a stone. The stone hits the vault warden.
The vault warden seems to grow stronger.
The vault warden is severely wounded.
The vault warden hits you but does no damage.
Clouds of flame condense around you!
The condenser dries out!
The vault warden is engulfed in blazing flames.
You block the vault warden's attack.
The vault warden is engulfed in blazing flames.
The vault warden hits you from afar with a +0 halberd of protection!
* * * LOW HITPOINT WARNING * * *
You feel better.
The vault warden is engulfed in blazing flames.
The vault warden barely misses you.
You feel better.
The vault warden is engulfed in blazing flames.
You block the vault warden's attack.
The vault warden is engulfed in blazing flames.
The vault warden hits you from afar with a +0 halberd of protection!!!
You die...

*,****,**,,** *****
*,,,,*,,,,** *****,,,*
#########+#*****###,,,*,,,*
..........#####...#,,,+,,,*
..........#...#...#,,,**+***
..........'...'...#*+###,,,*
..........#...###+##...#,,,*
..........###+##.§§#).(#,,,*
#####.....##.[.#@§p+)((#*****
#.....##...+.§§##+##*,,,*
#.....##...###+#*,,,*,,,*
#...††######*,,,*,,,*,,,*
#....†# *,,,*,,,*,,,**+***
#....}# *,,,*,,,**+***,,,*
#.....# *,,,******,,,+,,,*
#####.....#
***'**,,,+,,,*,,,*
....#.....# *,,,+,,,*,,,*****


You could see a vault warden (fast, strong, very poisoned).

Vanquished Creatures
  Mlioglotl (Shoals:1)
  Gastronok (Lair:2)
  Ilsuiw (Shoals:2)
  2 vault wardens (Vaults:1)
  3 emperor scorpions
  Louise (Spider:2)
  2 ghost moths
  4 ironbound preservers (Vaults:1)
  A broodmother (Spider:4)
  A stone giant (Vaults:1)
  A quicksilver ooze (shapeshifter) (D:15)
  An ironbound thunderhulk (Vaults:1)
  5 dire elephants (Vaults:1)
  2 spark wasps (Spider:4)
  4 entropy weavers
  Josephine (D:10)
  3 merfolk javelineers
  3 merfolk impalers
  A rakshasa (D:15)
  3 vault guards (Vaults:1)
  A boulder beetle (D:12)
  3 ogre magi (Orc:2)
  A centaur warrior (Shoals:1)
  A jorogumo (Spider:4)
  A merfolk avatar (Shoals:3)
  A radroach (Spider:4)
  A catoblepas (Shoals:2)
  4 hydras
  2 merfolk aquamancers (Shoals:2)
  8 two-headed ogres
  A death yak (Shoals:2)
  Urug (Orc:2)
  Sonja (D:13)
  Nergalle (D:11)
  A sixfirhy (Lair:6)
  3 sun moths
  4 pharaoh ants
  A glowing orange brain (D:15)
  3 sea snakes
  6 orb spiders
  2 wizards
  5 deep trolls (Vaults:1)
  3 steelbarb worms
  7 harpies
  An ironbound convoker (Vaults:1)
  4 lindwurms (Vaults:1)
  13 wolf spiders
  20 ugly things
  4 cyclopes
  2 moths of wrath
  7 manticores
  Maurice (D:11)
  An elephant (Lair:6)
  2 merfolk sirens
  3 fauns
  4 water nymphs
  3 torpor snails
  5 black mambas
  4 vault sentinels (Vaults:1)
  An orange demon (Lair:6)
  6 yaktaurs
  8 cane toads
  6 demonic crawlers
  3 rime drakes
  A freezing wraith (Vaults:1)
  A kobold demonologist (D:12)
  4 komodo dragons
  5 trolls
  A red devil (Lair:6)
  A hellwing (Lair:6)
  14 merfolk
  2 polar bears
  A wind drake (Shoals:1)
  3 meliai
  12 tarantellas
  15 slime creatures
  11 blink frogs
  A snapping turtle (Shoals:2)
  11 dream sheep
  17 jumping spiders
  A water elemental (Shoals:3)
  7 culicivoras
  2 spriggans (Lair:5)
  A shadow (D:11)
  35 yaks
  A spriggan (shapeshifter) (D:13)
  2 wyverns
  Eustachio (D:6)
  A basilisk (D:14)
  3 wraiths
  Grum (D:9)
  2 steam dragons
  A fire elemental (Spider:1)
  18 redbacks
  A warg (Orc:1)
  A water moccasin (shapeshifter) (D:13)
  9 water moccasins
  4 hell hounds
  9 orc warriors
  A floating eye (shapeshifter) (D:14)
  8 wolves
  15 ogres (Orc:2)
  A knight (Shoals:3)
  9 centaurs
  A kobold brigand (D:11)
  5 bullfrogs
  4 scorpions
  13 killer bees
  5 wights
  2 howler monkeys
  4 electric eels
  4 orc priests
  3 centaur zombies
  A centaur skeleton (D:7)
  A gnoll shaman (D:8)
  2 hounds
  2 jellies (D:6)
  4 iguanas
  A scorpion zombie (D:5)
  4 hell rats (Lair:5)
  13 orc wizards
  A hound zombie (D:5)
  6 adders
  4 gnolls (D:8)
  8 white imps
  4 ufetubi
  A worm (D:4)
  2 dart slugs (D:1)
  47 orcs
  6 ball pythons
  4 endoplasms
  5 giant cockroaches
  6 goblins
  5 hobgoblins
  11 kobolds
  A quokka (D:1)
  6 bats
  2 frilled lizards (D:2)
  5 rats
  A tentacle (Shoals:2)
629 creatures vanquished.

Vanquished Creatures (collateral kills)
  Arachne (Spider:4)
  Jorgrun (Spider:3)
  Frances (Spider:1)
  4 ghost moths
  6 emperor scorpions
  4 broodmothers
  An entropy weaver (Spider:1)
  Azrael (Spider:1)
  2 dire elephants (Vaults:1)
  A merfolk impaler (Shoals:1)
  4 hydras
  2 boulder beetles
  2 rakshasas (D:15)
  An ogre mage (Orc:2)
  A centaur warrior (D:15)
  2 merfolk avatars (Shoals:3)
  8 two-headed ogres (Orc:2)
  A death yak (Shoals:2)
  3 skeletal warriors (D:15)
  3 pharaoh ants
  4 deep trolls (Vaults:1)
  2 sun moths
  2 sea snakes
  A glowing orange brain (Vaults:1)
  5 steelbarb worms
  A harpy (shapeshifter) (D:13)
  4 orb spiders
  A lindwurm (Vaults:1)
  A wizard (D:13)
  A harpy (Shoals:3)
  A deep elf pyromancer (D:15)
  3 manticores
  An oklob plant (Lair:6)
  4 fauns
  3 moths of wrath
  20 wolf spiders
  4 ugly things (D:15)
  2 merfolk sirens (Shoals:2)
  A salamander (Lair:4)
  A black mamba (Lair:4)
  3 torpor snails
  4 elephants (Lair:6)
  A gargoyle (D:10)
  5 cane toads
  An unseen horror (D:12)
  A vault sentinel (Vaults:1)
  5 water nymphs
  2 yaktaurs
  6 demonic crawlers
  3 rime drakes
  A komodo dragon (Lair:6)
  3 ice devils (Lair:6)
  A polar bear (shapeshifter) (D:13)
  2 trolls
  6 merfolk
  A wind drake (shapeshifter) (D:12)
  7 tarantellas
  7 meliai
  A hornet (shapeshifter) (Vaults:1)
  4 blink frogs
  11 slime creatures
  4 dream sheep
  4 snapping turtles
  A water elemental (Shoals:2)
  12 jumping spiders
  11 culicivoras
  2 wyverns
  13 yaks
  A basilisk (Lair:2)
  6 wraiths
  2 fire elementals
  A steam dragon (D:7)
  23 redbacks
  An acid dragon (D:9)
  4 hell hounds
  10 water moccasins
  2 ice beasts
  6 orc warriors
  A black bear (Lair:5)
  10 ogres
  6 wolves
  3 centaurs
  6 bullfrogs
  A water moccasin zombie (D:7)
  15 killer bees
  6 wights
  2 howler monkeys
  An electric eel (Lair:5)
  A bullfrog skeleton (D:5)
  3 orc priests
  2 iguanas
  4 orc wizards
  A gnoll (D:8)
  2 adders (Lair:4)
  A shadow imp (D:5)
  5 white imps (Orc:1)
  10 orcs
  2 rats
  A tentacle (Shoals:2)
372 creatures vanquished.

Vanquished Creatures (others)
  A merfolk (Shoals:3)
  32 knights
  22 fungi
  83 plants
  6 tentacles (Shoals:2)
144 creatures vanquished.

Grand Total: 1145 creatures vanquished

Notes
Turn   | Place    | Note
-------+----------+-------------------------------------------
     0 | D:1      | dolemite99 the Demonspawn Monk began the quest for the Orb.
     0 | D:1      | Reached XP level 1. HP: 18/18 MP: 1/1
   256 | D:1      | Gained mutation: A weak demonic guardian rushes to your
                  | aid. [demonic ancestry]
   256 | D:1      | Reached XP level 2. HP: 19/24 MP: 2/2
   976 | D:2      | Reached XP level 3. HP: 17/29 MP: 3/3
  2157 | D:2      | Found a runed translucent door.
  2158 | D:2      | Noticed Crazy Yiuf
  2563 | D:3      | Reached XP level 4. HP: 35/35 MP: 4/4
  3006 | D:3      | Reached skill level 5 in Long Blades
  3217 | D:4      | Reached XP level 5. HP: 8/41 MP: 5/5
  3617 | D:4      | Found Lopip's Firing Range.
  3686 | D:4      | Bought 15 sling bullets for 97 gold pieces
  3900 | D:4      | Identified a scroll of acquirement
  3900 | D:4      | Acquired 722 gold pieces
  3937 | D:4      | Bought 21 sling bullets for 136 gold pieces
  3937 | D:4      | Bought 24 sling bullets for 156 gold pieces
  4065 | D:4      | Reached skill level 1 in Slings
  4517 | D:5      | Entered Level 5 of the Dungeon
  4637 | D:5      | Found a staircase to the Ecumenical Temple.
  4645 | D:5      | Reached XP level 6. HP: 28/47 MP: 6/6
  4650 | Temple   | Entered the Ecumenical Temple
  5027 | Temple   | Became a worshipper of Hepliaklqana the Forgotten
  5027 | Temple   | Reached * piety under Hepliaklqana
  5027 | Temple   | Reached ** piety under Hepliaklqana
  5028 | Temple   | Remembered your ancestor Eadburga as a knight
  5226 | D:5      | Found Wuixy's Book Shoppe.
  5259 | D:5      | Gained mutation: You are partially covered in slimy green
                  | scales. (AC +2) [demonic ancestry]
  5259 | D:5      | Reached XP level 7. HP: 37/46 MP: 7/7
  5268 | D:5      | Reached skill level 5 in Slings
  5372 | D:5      | Found Hoesu's Antique Weapon Emporium.
  5387 | D:5      | Bought an iridescent demon whip for 460 gold pieces
  5387 | D:5      | Identified the +1 demon whip "Conservator" {pain, rPois rC+
                  | Int-3 Dex+6} (You bought it in a shop on level 5 of the
                  | Dungeon)
  5863 | D:5      | Identified the +1 robe "Fyitasa" {rElec}
  6262 | D:5      | Found an opulent altar of Gozag.
  6444 | D:6      | Reached skill level 1 in Armour
  6452 | D:6      | Gained mutation: You have a pair of small horns on your
                  | head. [demonic ancestry]
  6452 | D:6      | Reached XP level 8. HP: 44/52 MP: 8/8
  6481 | D:6      | Noticed a green ugly thing
  6502 | D:6      | Killed a green ugly thing
  6531 | D:6      | Reached skill level 5 in Armour
  6542 | D:6      | Noticed Eustachio
  6555 | D:6      | Killed Eustachio
  6620 | D:6      | Found a broken altar of Ashenzari.
  6622 | D:6      | You fall into a shaft and drop 3 floors!
  6774 | D:9      | Noticed a two-headed ogre
  7218 | D:8      | Gained mutation: A demonic guardian rushes to your aid.
                  | [demonic ancestry]
  7218 | D:8      | Reached XP level 9. HP: 56/56 MP: 9/9
  7360 | D:8      | Reached *** piety under Hepliaklqana
  7507 | D:7      | Found the +1 Delatra's gloves {ID++}
  8827 | D:7      | Found Qunos's Book Shop.
  9336 | D:8      | Reached **** piety under Hepliaklqana
  9691 | D:9      | Found a staircase to the Lair.
  9785 | D:9      | Gained mutation: You have a pair of horns on your head.
                  | [demonic ancestry]
  9785 | D:9      | Reached XP level 10. HP: 52/64 MP: 10/10
  9836 | D:9      | Killed a two-headed ogre
 10220 | D:9      | Found a burning altar of Makhleb.
 10221 | D:9      | Found a blossoming altar of Fedhas.
 10257 | D:9      | Reached skill level 5 in Fighting
 10490 | D:9      | Noticed Grum
 10497 | D:9      | Killed Grum
 11273 | Lair:1   | Entered Level 1 of the Lair of Beasts
 11442 | Lair:1   | Gained mutation: A powerful demonic guardian rushes to your
                  | aid. [demonic ancestry]
 11442 | Lair:1   | Reached XP level 11. HP: 26/74 MP: 11/11
 11540 | Lair:1   | Reached skill level 10 in Long Blades
 12335 | Lair:1   | Reached ***** piety under Hepliaklqana
 12964 | Lair:2   | Reached skill level 2 in Invocations
 13009 | Lair:2   | Noticed a five-headed hydra
 13015 | Lair:2   | Killed a five-headed hydra
 13016 | Lair:2   | Reached skill level 4 in Invocations
 13190 | Lair:2   | Noticed Gastronok
 13202 | Lair:2   | Killed Gastronok
 13203 | Lair:2   | Reached skill level 6 in Invocations
 13370 | Lair:2   | Reached skill level 7 in Invocations
 13473 | Lair:2   | Reached skill level 8 in Invocations
 13473 | Lair:2   | Reached XP level 12. HP: 81/81 MP: 18/18
 14016 | Lair:3   | Reached skill level 9 in Invocations
 14248 | Lair:3   | Reached skill level 10 in Invocations
 15163 | Lair:4   | Noticed an eight-headed hydra
 15169 | Lair:4   | Killed an eight-headed hydra
 15170 | Lair:4   | Reached skill level 11 in Invocations
 15307 | Lair:4   | Reached skill level 12 in Invocations
 15630 | Lair:4   | Reached skill level 13 in Invocations
 16089 | Lair:4   | Found a runed translucent door.
 16090 | Lair:4   | Identified the +7 trident of Ambiguity {flame, Will+ Dex+3}
 16257 | Lair:4   | Found a staircase to the Shoals.
 16405 | Lair:4   | Found a hole to the Spider Nest.
 16484 | Lair:4   | Noticed hashsling's ghost (journeyman MiBe)
 16704 | Lair:5   | Noticed a seven-headed hydra
 16716 | Lair:5   | Killed a seven-headed hydra
 16717 | Lair:5   | Reached skill level 14 in Invocations
 17146 | Lair:5   | Reached skill level 15 in Invocations
 17686 | Lair:5   | Gained mutation: Your demonic aura sometimes causes spilled
                  | blood to erupt in flames. [demonic ancestry]
 17686 | Lair:5   | Reached XP level 13. HP: 86/86 MP: 24/24
 18360 | Lair:6   | Entered Level 6 of the Lair of Beasts
 18367 | Lair:6   | Reached skill level 16 in Invocations
 19924 | Lair:6   | Found a burning altar of Makhleb.
 19988 | Lair:6   | Reached skill level 10 in Slings
 20631 | Lair:6   | Found a gateway to Hell.
 20760 | Lair:6   | Found a viscous altar of Jiyva.
 20761 | Lair:6   | Found a staircase to the Slime Pits.
 20902 | D:10     | Entered Level 10 of the Dungeon
 20902 | D:10     | Found a transporter.
 21206 | D:10     | Found a staircase to the Orcish Mines.
 21698 | D:10     | Noticed Josephine
 21707 | D:10     | Killed Josephine
 21826 | D:10     | Reached XP level 14. HP: 88/92 MP: 26/26
 21963 | D:10     | Found a transporter.
 21970 | D:10     | Noticed LobsterGuardian's ghost (journeyman HOFi)
 21973 | D:10     | Found a bloodstained altar of Trog.
 22102 | Orc:1    | Entered Level 1 of the Orcish Mines
 22359 | Orc:1    | Found a frozen archway.
 22910 | Orc:2    | Entered Level 2 of the Orcish Mines
 23015 | Orc:2    | Noticed Urug
 23038 | Orc:2    | Killed Urug
 24072 | Orc:2    | Found Zeebb's Antique Armour Shop.
 24072 | Orc:2    | Found Noaclavy's Book Emporium.
 24073 | Orc:2    | Found Xyjoh's Antique Armour Shoppe.
 24073 | Orc:2    | Found Nawnug's General Store.
 24126 | Orc:2    | Found a staircase to the Elven Halls.
 24342 | Orc:2    | Bought a runed scarf for 304 gold pieces
 24342 | Orc:2    | Bought a shiny chain mail for 285 gold pieces
 24370 | Orc:2    | Bought a book of Unlife for 504 gold pieces
 24374 | Orc:2    | Learned a level 2 spell: Blink
 24378 | Orc:2    | Learned a level 3 spell: Tukima's Dance
 24383 | Orc:2    | Learned a level 4 spell: Animate Dead
 24667 | D:11     | Identified the +0 leather armour "Lacsyasm" {Harm rElec rC+
                  | MP+9}
 24896 | D:11     | Noticed Nergalle
 24904 | D:11     | Killed Nergalle
 25000 | D:11     | Noticed Maurice
 25011 | D:11     | Killed Maurice
 26165 | D:13     | Noticed Sonja
 26173 | D:13     | Killed Sonja
 26332 | D:13     | Found a portal to a secret trove of treasure.
 26670 | D:13     | Found a gate to the Vaults.
 26707 | D:13     | Reached skill level 10 in Armour
 26924 | D:13     | Identified the +6 dagger of Giruej {vorpal, rC++ MP+9}
 27073 | D:13     | Identified the +7 shortbow "Ficupogh" {vorpal, *Slow rF+
                  | Will+ Stlth+}
 27621 | D:14     | Gained mutation: Your demonic aura often causes spilled
                  | blood to erupt in flames. [demonic ancestry]
 27621 | D:14     | Reached XP level 15. HP: 80/103 MP: 27/27
 27842 | D:14     | Found a burning altar of Makhleb.
 28023 | D:14     | Reached skill level 10 in Fighting
 28604 | D:15     | Entered Level 15 of the Dungeon
 28629 | D:15     | Identified the +1 fire dragon scales of Apathy {rPois rF++
                  | rC- rCorr Dex+2 Stlth-}
 28840 | D:15     | Reached skill level 1 in Necromancy
 29292 | D:15     | Reached skill level 1 in Shields
 30170 | D:15     | Found a staircase to the Depths.
 30443 | D:15     | Found a sacrificial altar of Ru.
 30648 | D:15     | Reached skill level 5 in Shields
 31126 | Spider:1 | Entered Level 1 of the Spider Nest
 32298 | Shoals:1 | Entered Level 1 of the Shoals
 32324 | Shoals:1 | Found Ruwos's Weapon Boutique.
 32489 | Shoals:1 | Found Buowk's Assorted Antiques.
 32513 | Shoals:1 | Bought a pair of fading gloves for 332 gold pieces
 32513 | Shoals:1 | Identified the +1 pair of gloves of Paoz {Will+ Regen+}
                  | (You bought it in a shop on level 1 of the Shoals)
 32527 | Shoals:1 | Bought a distressingly furry chain mail for 332 gold pieces
 32527 | Shoals:1 | Identified the +1 chain mail of Indomitability {rC++ rN+
                  | Will+ SInv} (You bought it in a shop on level 1 of the
                  | Shoals)
 32537 | Shoals:1 | Bought a potion of heal wounds for 175 gold pieces
 32537 | Shoals:1 | Bought a potion of might for 140 gold pieces
 32537 | Shoals:1 | Bought a runed scimitar for 245 gold pieces
 32705 | Shoals:1 | Found Egara's Dragon-Slaying Spoils.
 32873 | Shoals:1 | Found Qeriv's Antique Weapon Shop.
 32917 | Shoals:1 | Noticed Mlioglotl
 33018 | Shoals:2 | Found the +10 tower shield of Ignorance {rN+ Int-4}
 33211 | Shoals:2 | Noticed a kraken
 33613 | Shoals:2 | Noticed Ilsuiw
 33890 | Shoals:2 | Killed Ilsuiw
 33891 | Shoals:2 | Reached skill level 10 in Shields
 33891 | Shoals:2 | Reached XP level 16. HP: 52/109 MP: 28/28
 33892 | Shoals:2 | HP: 1/109 [merfolk javelineer/silver javelin (5)]
 34140 | Shoals:1 | Killed Mlioglotl
 35126 | Spider:1 | Noticed Frances
 35138 | Spider:1 | Killed Frances
 35160 | Spider:1 | Found a transporter.
 35165 | Spider:1 | Noticed Clumpoid's ghost (adept TrMo)
 35176 | Spider:1 | Noticed Azrael
 35187 | Spider:1 | Found a transporter.
 35198 | Spider:1 | Killed Azrael
 37445 | Spider:2 | Noticed Louise
 37475 | Spider:2 | Killed Louise
 37842 | Spider:2 | Identified the +2 ring mail of Anaesthesia {rElec Str+4
                  | Int+4}
 38133 | Spider:3 | Noticed Mara
 38566 | Spider:3 | Reached skill level 5 in Necromancy
 39108 | Spider:3 | Noticed Jorgrun
 39119 | Spider:3 | Killed Jorgrun
 39137 | Spider:3 | Gained mutation: You are mostly covered in slimy green
                  | scales. (AC +3) [demonic ancestry]
 39137 | Spider:3 | Reached XP level 17. HP: 99/116 MP: 29/29
 41106 | Shoals:4 | Entered Level 4 of the Shoals
 41297 | Spider:3 | Noticed dolemite99's illusion
 41986 | Spider:3 | Noticed dolemite99's illusion
 42417 | Spider:4 | Entered Level 4 of the Spider Nest
 42417 | Spider:4 | Noticed Arachne
 42455 | Spider:4 | Killed Arachne
 42930 | Spider:4 | Reached skill level 5 in Dodging
 43268 | Spider:3 | Noticed dolemite99's illusion
 47951 | Spider:4 | Reached skill level 1 in Evocations
 48472 | Spider:4 | Reached skill level 5 in Evocations
 48781 | Spider:4 | Got a gossamer rune of Zot
 48806 | Spider:4 | Found the +3 crown of Dyrovepreva {rElec Int+2 SInv}
 49416 | Spider:4 | Reached XP level 18. HP: 119/120 MP: 30/30
 50161 | Vaults:1 | Entered Level 1 of the Vaults
 51228 | Vaults:1 | Found Axef's Antique Weapon Shop.
 51297 | Vaults:1 | Bought a fustibalus for 645 gold pieces
 51439 | Vaults:1 | Identified the +5 hand axe of Offence {chaos, rElec}
 51668 | Vaults:1 | Reached skill level 10 in Evocations
 51904 | Vaults:1 | Slain by a vault warden

Illustrated notes

Levels and vault maps discovered:
D:1:      roderic_crossed_star, layout_loops_ring, hangedman_decor_opposing,
          amcnicky_mini_rare_corridor_liquid
D:2:      layout_loops_corners, uniq_crazy_yiuf_cottage
D:3:      layout_rooms, tso_altar
D:4:      layout_basic, nicolae_shop_firing_range
D:5:      layout_basic, nicolae_gozag_seed_capital, minmay_temple_entry_wispy,
          serial_shops, nicolae_shop_trees, shop
D:6:      layout_layer_cave, nicolae_overflow_crystal_walls,
          kennysheep_generic_room_5, uniq_eustachio
D:7:      layout_rooms, elyvilon_altar_1, serial_shops, kennysheep_little_box,
          chequers_serial_rivers_micro_c, minivault_27, nrook_campfire
D:8:      layout_basic, minmay_misc_feat_rugged
D:9:      layout_rooms, amethyst_overflow_temple_binary, lair_entry_dummy,
          uniq_grum
D:10:     layout_loops_cross, david_orc_4, gammafunk_ghost_wrathful_warriors,
          uniq_josephine
D:11:     layout_cave_pools, uniq_maurice, uniq_nergalle
D:12:     layout_gridville
D:13:     layout_small_grid, david_vaults_2, enter_trove_0, uniq_sonja
D:14:     layout_loops_cross, bloody_makhleb
D:15:     gammafunk_enter_depths_forms, layout_irregular_city,
          old_standard_altar
Temple:   nicolae_temple_elliptical
Lair:1:   layout_cave_pods, infiniplex_staircase_pool, grunt_megastairs_1
Lair:2:   layout_cellular_growth, grunt_megastairs_3, uniq_gastronok
Lair:3:   layout_hall_layers, chequers_serial_rivers_small_a, st_stairs_9,
          minivault_25
Lair:4:   layout_gridlike, minmay_shoals_entry_hut,
          hellmonk_spider_entry_not_the_bees, ebering_ghost_funeral_grove,
          nicolae_lair_grove_arrangements, cheibrodos_lair_reptile_den
Lair:5:   layout_regular_city, forest_entry_grove, serial_bayou_shore_a
Lair:6:   evil_forest, layout_regular_city, dpeg_slime_entry_enclosed_altar,
          lemuel_fruit_fields
Shoals:1: layout_shoals, serial_shops, shop, shop, nicolae_shop_trees,
          nicolae_shop_dragon_depot, uniq_mlioglotl
Shoals:2: layout_shoals, serial_shops, nicolae_shop_behind_doors,
          nicolae_splish_splash, uniq_ilsuiw, uniq_polyphemus
Shoals:3: layout_shoals
Shoals:4: shoals_end_hellmonk_lost_city, uniq_kirke, uniq_donald
Spider:1: layout_spider_delve, gammafunk_ghost_arena, drop_trap,
          nicolae_spider_jagged_tunnels, uniq_azrael, uniq_frances
Spider:2: nicolae_spider_mines_3, uniq_louise
Spider:3: layout_spider_delve, uniq_jorgrun, uniq_mara
Spider:4: guppyfry_spider_rune, nicolae_spider_eight_legs, uniq_arachne
Orc:1:    layout_diamond_mine, portal_ice_cave_entry_imps,
          nicolae_orc_crystal_geode
Orc:2:    st_orc_ogre_mass, layout_caves, uniq_urug
Vaults:1: vaults_mumra_chevron_long, ontoclasm_vaults_spin, v_misc_25,
          nicolae_vaults_lopsided_apartments, hangedman_vaults_variations,
          v_alt_pattern_4, nicolae_vaults_three_branches, v_misc_19,
          vaults_mumra_minichess, v_misc_10, vaults_room_pools,
          nicolae_vaults_specimen_jars, vaults_dpeg_ring, layout_vaults_ring,
          serial_shops, shop

Skill      XL: |  1  2  3  4  5  6  7  8  9 10 11 12 13 14 15 16 17 18 |
---------------+-------------------------------------------------------+-----
Long Blades    | 3 4 5 6 9 12 | 12.0
Slings         | 2 4 6 11 13 | 13.4
Armour         | 2 6 9 10 11 | 11.2
Fighting       | 4 6 7 9 10 11 | 11.1
Invocations    | 8 15 16 | 16.4
Necromancy     | 2 6 7 |  7.8
Shields        | 10 13 | 13.6
Dodging        | 8 |  8.3
Evocations     | 5 10 | 10.4
Stealth        | |  1.7

Action                   |  1- 3 |  4- 6 |  7- 9 | 10-12 | 13-15 | 16-18 || total
-------------------------+-------+-------+-------+-------+-------+-------++-------
Melee: Falchion          |   100 |    36 |     5 |     2 |       |       ||   143
       Punch             |       |     1 |       |       |     2 |       ||     3
       Demon whip        |       |       |     3 |       |       |       ||     3
       Headbutt          |       |       |     2 |     7 |    37 |   177 ||   223
       Scimitar          |       |       |       |    35 |   137 |   435 ||   607
       Long sword        |       |       |       |       |       |    13 ||    13
 Fire: Hunting sling     |       |    90 |   281 |   532 |  1516 |   862 ||  3281
       Fustibalus        |       |       |       |       |       |   175 ||   175
Throw: Stone             |       |       |    29 |     4 |     4 |    10 ||    47
       Dart              |       |       |     6 |       |       |       ||     6
       Throwing net      |       |       |       |       |       |     6 ||     6
       Javelin           |       |       |       |       |       |    11 ||    11
Invok: Ancestor Life: Kn |       |     1 |       |       |       |       ||     1
       Recall Ancestor   |       |       |     1 |     2 |     8 |    14 ||    25
       Idealise          |       |       |       |    12 |    29 |     9 ||    50
Evoke: Wand              |       |       |       |       |    14 |    21 ||    35
       Condenser vane    |       |       |       |       |     3 |     6 ||     9
       Box of beasts     |       |       |       |       |     2 |     6 ||     8
  Use: Scroll            |       |     9 |     9 |     4 |    17 |    22 ||    61
       Potion            |       |     1 |     1 |     2 |     8 |    22 ||    34
 Stab: Sleeping          |     4 |       |       |       |       |       ||     4
       Distracted        |       |     2 |       |       |     2 |     9 ||    13
       Paralysed         |       |       |       |       |       |     4 ||     4
       Held in net/web   |       |       |       |       |       |     1 ||     1
Armor: Robe              |    28 |     5 |       |       |       |       ||    33
       Chain mail        |       |    31 |    60 |   131 |   192 |    10 ||   424
       Fire dragon scale |       |       |       |       |    54 |   606 ||   660
Dodge: Dodged            |    69 |    37 |    35 |    79 |   151 |   401 ||   772
Block: Kite shield       |       |       |       |       |    72 |   628 ||   700

Table legend: (Time is in decaauts)
 A = Elapsed time spent in this place.
 B = Non-inter-level travel time spent in this place.
 C = Inter-level travel time spent in this place.
 D = Time resting spent in this place.
 E = Time spent auto-exploring this place.
 F = Levels seen in this place.
 G = Mean time per level.
                   A        B        C        D        E       F      G
               +--------+--------+--------+--------+--------+-----+--------+
         Total |  52527 |  49244 |   3283 |  17205 |  23562 |  33 | 1591.7 |
       Dungeon |  19234 |  18154 |   1080 |   4038 |  11034 |  15 | 1282.3 |
        Temple |    390 |    366 |     24 |    231 |    115 |   1 |  390.0 |
          Lair |  11482 |  10487 |    995 |   2706 |   6422 |   6 | 1913.7 |
        Shoals |   4788 |   4497 |    291 |   1987 |   1521 |   4 | 1197.0 |
   Spider Nest |  12870 |  12119 |    751 |   7430 |   2578 |   4 | 3217.5 |
  Orcish Mines |   2411 |   2295 |    116 |    304 |   1476 |   2 | 1205.5 |
        Vaults |   1349 |   1325 |     24 |    507 |    414 |   1 | 1349.0 |
               +--------+--------+--------+--------+--------+-----+--------+

Top non-repeatable levels by time:
Spider:3: 5690 daAuts
  Lair:4: 2959 daAuts
Spider:2: 2877 daAuts
Spider:4: 2546 daAuts
Shoals:1: 2546 daAuts
  Lair:6: 2446 daAuts
    D:15: 2168 daAuts
  Lair:5: 1776 daAuts
Spider:1: 1755 daAuts
    D:13: 1743 daAuts
     D:2: 1691 daAuts
   Orc:2: 1594 daAuts
  Lair:2: 1489 daAuts
Shoals:3: 1466 daAuts
     D:9: 1465 daAuts
